[Event "*** Titled Tuesday Blitz"]
[Site "Chess.com"]
[Date "2021.04.06"]
[Round "5"]
[White "TimofeevAr"]
[Black "scarabee43"]
[Result "0-1"]
[WhiteElo "2839"]
[BlackElo "2621"]
[TimeControl "180+1"]
[EndTime "10:56:33 PDT"]
[Termination "scarabee43 won by resignation"]

1. c4 e6 2. Nf3 Nf6 3. b3 d5 4. Bb2 Be7 5. g3 O-O 6. Bg2 b6 7. O-O Bb7 8. d3 Nbd7 9. Nbd2 c5 10. cxd5 Nxd5 11. a3 Bf6 12. Qc2 Bxb2 13. Qxb2 Qf6 14.
Qxf6 N5xf6 15. Rfc1 a5 16. Nc4 a4 17. bxa4 Rxa4 18.
Rab1 Ra6 19. Rb2 Rb8 20. Rcb1 Bd5 21. Nfd2 Kf8 22. e4 Bc6 23. Rb3 Ke7 24. h3 h6 25.
Kf1 Ne8 26. Ke2 Nc7 27. R1b2 b5 28. Ne3 Rba8 29. Nb1 g6 30. Rc3 Ra4 31. Nc2 e5 32. f4 f6 33. h4 Ne6 34. Bh3 Nd4+ 35. Nxd4 exd4 36. Rc1 c4 37. Bg2 Nc5 38. dxc4 bxc4 39. Rb4 Rxb4 40. axb4 Nb3 41. Re1 Ra2+ 42. Kf3 c3 43. b5 Bxb5 44. Bf1 Bxf1 45. Rxf1 c2 0-1

[Event "*** Titled Tuesday Blitz"]
[Site "Chess.com"]
[Date "2021.04.06"]
[Round "5"]
[White "Ural_bogatyr"]
[Black "LiverpooL174"]
[Result "0-1"]
[WhiteElo "2462"]
[BlackElo "2666"]
[TimeControl "180+1"]
[EndTime "10:56:34 PDT"]
[Termination "LiverpooL174 won by resignation"]

1. e4 c6 2. d4 d5 3. e5 Bf5 4. Ne2 e6 5. Ng3 Bg6 6. h4 h6 7. h5 Bh7 8. Bd3 Bxd3 9. cxd3 c5 10. dxc5 Bxc5 11. d4 Bb6 12. Nc3 Nc6 13. Be3 a6 14.
O-O Nge7 15. Qg4 Kf8 16. f4 Bxd4 17. Nd1 Bxe3+ 18. Nxe3 Qb6 19. Rae1 Nd4 20. Kh1 g6 21. hxg6 fxg6 22. Qh4 Rh7 23. f5 Ndxf5 24. Nexf5 exf5 25. e6 Kg8 26. Rf3 Rf8 27. Rb3 Qc7 28. Nh5 gxh5 29.
Qd4 Rg7 30. Rh3 Rg4 31. Qd2 Qf4 32. Qc2 Rh4 33. Qc5 Rxh3+ 34. gxh3 Qf3+ 35. Kh2 Qf4+ 36. Kh1 Qf3+ 37. Kh2 Rc8 38. Rg1+ Kf8 0-1

[Event "*** Titled Tuesday Blitz"]
[Site "Chess.com"]
[Date "2021.04.06"]
[Round "5"]
[White "vinniethepooh"]
[Black "Genghis_K"]
[Result "0-1"]
[WhiteElo "2731"]
[BlackElo "2941"]
[TimeControl "180+1"]
[EndTime "10:56:35 PDT"]
[Termination "Genghis_K won by resignation"]

1. d4 Nf6 2. c4 g6 3. Nc3 Bg7 4. e4 d6 5. Be2 O-O 6. Be3 c6 7. f4 c5 8. dxc5 Qa5 9. Qd2 dxc5 10. e5 Rd8 11. Qc2 Bf5 12. Qb3 Ne4 13. Qb5 Nc6 14. Qxa5 Nxa5 15. Nd5 Nc6 16. g4 Bd7 17. Bf3 f5 18.
Ne2 e6 19. Ndc3 Nxc3 20. Nxc3 fxg4 21. Bxg4 Nd4 22. O-O-O Bc6 23. Rhg1 Kf7 24. Bxd4 cxd4 25. Nb5 Bxb5 26. cxb5 Rac8+ 27. Kb1 d3 28. Rg3 Bh6 29. Rgxd3 Rxd3 30. Rxd3 Bxf4 31. Rd7+ Ke8 32. Rd1 Ke7 33.
a4 Bxe5 34. Re1 Rc5 35. b4 Rc4 36. Rxe5 Rxb4+ 37. Kc2 Rxg4 38. Rc5 Kd6 39. Rc8 Rxa4 40. Rh8 Rh4 41. Rb8 b6 0-1

[Event "*** Titled Tuesday Blitz"]
[Site "Chess.com"]
[Date "2021.04.06"]
[Round "5"]
[White "gmgamil"]
[Black "Harry_Rakkel"]
[Result "1-0"]
[WhiteElo "2814"]
[BlackElo "2595"]
[TimeControl "180+1"]
[EndTime "10:56:36 PDT"]
[Termination "gmgamil won by resignation"]

1. d4 Nf6 2. Nc3 d5 3. Bg5 Nbd7 4. f3 e6 5. e4 Be7 6. e5 Ng8 7. Be3 b6 8. f4 g6 9. Nf3 c5 10. Ne2 Ba6 11. c3 Qc7 12. h3 h5 13. Bf2 Qb7 14. a3 Bxe2 15. Bxe2 c4 16. b3 cxb3 17. Qxb3 Nh6 18. g4 hxg4 19. hxg4 O-O-O 20. Rg1 Kb8 21. a4 Rc8 22. Kd2 Rc7 23. Ne1 Rhc8 24. Rc1 a5 25. Rh1 Rxc3 26. Rxc3 Bb4 27. Rh3 f6 28. Nc2 Bxc3+ 29. Rxc3 fxe5 30. dxe5 g5 31. Rxc8+ Kxc8 32. Qh3 Nf7 33. Qh7 Nc5 34. Bxc5 bxc5 35. fxg5 Qe7 36.
g6 Qg5+ 37. Kd1 Nxe5 38. g7 1-0

[Event "*** Titled Tuesday Blitz"]
[Site "Chess.com"]
[Date "2021.04.06"]
[Round "5"]
[White "FMchesstrainer"]
[Black "Pantata007"]
[Result "1-0"]
[WhiteElo "2409"]
[BlackElo "2250"]
[TimeControl "180+1"]
[EndTime "10:56:36 PDT"]
[Termination "FMchesstrainer won on time"]

1. d4 d5 2. Bg5 h6 3. Bh4 c5 4. e3 Nc6 5. Nc3 cxd4 6. exd4 Bf5 7. Nf3 Nf6 8. Bxf6 gxf6 9. Bd3 Qd7 10. Bxf5 Qxf5 11. O-O e6 12. Ne2 O-O-O 13. Ng3 Qg6 14. c3 Bd6 15. b4 Kb8 16. a4 h5 17. b5 Ne7 18. c4 h4 19. c5 Bxg3 20. fxg3 hxg3 21. h3 Nf5 22. Qd3 Ne7 23. Qc3 Rc8 24. a5 Ka8 25. c6 bxc6 26. b6 Rb8 27. Qc5 Rb7 28. a6 Rxb6 29. Qxe7 e5 30. dxe5 1-0

[Event "*** Titled Tuesday Blitz"]
[Site "Chess.com"]
[Date "2021.04.06"]
[Round "5"]
[White "tandaleo"]
[Black "Agibileg"]
[Result "0-1"]
[WhiteElo "2398"]
[BlackElo "2559"]
[TimeControl "180+1"]
[EndTime "10:56:37 PDT"]
[Termination "Agibileg won by resignation"]

1. Nf3 Nf6 2. g3 g6 3. Bg2 Bg7 4. O-O O-O 5. d3 d6 6. Nbd2 Nbd7 7. c3 c6 8. Qc2 Qc7 9. e4 e5 10.
b4 Re8 11. Bb2 Nf8 12. a3 a5 13. Nc4 axb4 14. axb4 Be6 15. Ne3 h6 16. c4 Ng4 17.
Nxg4 Bxg4 18. Nd2 Qd7 19. f3 Bh3 20. Rxa8 Rxa8 21. Ra1 Rxa1+ 22. Bxa1 Bxg2 23. Kxg2 Ne6 24. Qa4 Ng5 25. Qa8+ Kh7 26. g4 h5 27. h3 Bh6 28.
Nf1 Ne6 29. Qa3 Nf4+ 30. Kg3 Qe7 31. Bb2 Bg5 32. Bc1 Ne2+ 0-1

[Event "*** Titled Tuesday Blitz"]
[Site "Chess.com"]
[Date "2021.04.06"]
[Round "5"]
[White "ChessAurochs"]
[Black "ChronicUnhappiness"]
[Result "1-0"]
[WhiteElo "2524"]
[BlackElo "2319"]
[TimeControl "180+1"]
[EndTime "10:56:37 PDT"]
[Termination "ChessAurochs won on time"]

1. e4 c5 2. Nf3 Nc6 3. Bb5 g6 4. O-O Bg7 5. Nc3 d6 6. e5 Nh6 7.
exd6 Qxd6 8. d3 O-O 9. Ne4 Qc7 10. a4 b6 11. Bc4 Bg4 12. h3 Bxf3 13. Qxf3 Nf5 14. Qd1 Rad8 15. Ba2 Qb7 16. Re1 Rd7 17. Ng5 e6 18. Qg4 Ncd4 19. Bb1 Qc6 20. a5 c4 21.
Qe4 1-0

[Event "*** Titled Tuesday Blitz"]
[Site "Chess.com"]
[Date "2021.04.06"]
[Round "5"]
[White "FGHSMN"]
[Black "fearless_guy"]
[Result "0-1"]
[WhiteElo "2579"]
[BlackElo "2789"]
[TimeControl "180+1"]
[EndTime "10:56:38 PDT"]
[Termination "fearless_guy won by resignation"]

1. e4 e6 2. d4 d5 3. Nc3 h6 4. Nf3 Nf6 5. Bd3 Bb4 6. exd5 exd5 7. O-O O-O 8. a3 Bxc3 9. bxc3 Bg4 10. h3 Bh5 11. Bf4 Ne4 12. c4 Nc6 13. cxd5 Nc3 14. Qd2 Nxd5 15. c3 Bxf3 16. gxf3 Qh4 17. Bg3 Qxh3 18. c4 Nxd4 19. Be4 Nc3 20. Rfe1 Nxe4 21. Qxd4 Nxg3 22. fxg3 Qxg3+ 23. Kf1 Qxf3+ 24. Qf2 Qxf2+ 0-1

[Event "*** Titled Tuesday Blitz"]
[Site "Chess.com"]
[Date "2021.04.06"]
[Round "5"]
[White "MirMan90"]
[Black "Hard_Utilizator"]
[Result "1/2-1/2"]
[WhiteElo "2695"]
[BlackElo "2520"]
[TimeControl "180+1"]
[EndTime "10:56:39 PDT"]
[Termination "Game drawn by repetition"]

1. e4 c5 2. Nf3 e6 3. c3 d5 4.
exd5 Qxd5 5. d4 cxd4 6. cxd4 Nf6 7. Nc3 Qa5 8. Bd3 Be7 9. O-O O-O 10. Qe2 Nc6 11.
a3 a6 12. Be3 b5 13. Ne5 Bb7 14. Rad1 Rac8 15. Rfe1 Rfd8 16. Bb1 Bxa3 17. Bg5 Nxd4 18. Qe3 Bxb2 19. Bxf6 gxf6 20. Qh6 Nf5 21. Bxf5 exf5 22. Qxf6 Bxc3 23. Qxf7+ Kh8 24. Qf6+ Kg8 25. Qg5+ Kf8 26. Qxf5+ Kg8 27. Qe6+ Kh8 28. Qf6+ Kg8 29. Qf7+ Kh8 30. Qf6+ Kg8 31. Qf7+ Kh8 32. Qf6+ 1/2-1/2

[Event "*** Titled Tuesday Blitz"]
[Site "Chess.com"]
[Date "2021.04.06"]
[Round "5"]
[White "Rish_97"]
[Black "profofchess"]
[Result "1-0"]
[WhiteElo "2692"]
[BlackElo "2511"]
[TimeControl "180+1"]
[EndTime "10:56:40 PDT"]
[Termination "Rish_97 won by checkmate"]

1. e4 e6 2. d4 d5 3. Nc3 Bb4 4.
exd5 exd5 5. Bd3 Nc6 6. Nf3 Bg4 7. O-O Nge7 8. a3 Bxc3 9. bxc3 Qd7 10. a4 Na5 11.
Re1 O-O-O 12. h3 Bxf3 13. Qxf3 Kb8 14. Qxf7 Nec6 15. Qxd7 Rxd7 16. Bf4 Rf8 17. Bg3 g6 18. Re6 Nc4 19. Rae1 a6 20. h4 Nb2 21. Bxa6 bxa6 22. Rb1 Na5 23. Rxb2+ Ka7 24. Rb1 Rff7 25. Re8 Rde7 26.
Rc8 Re2 27. Bxc7 Rfxf2 28. Bb8+ Ka8 29. Bd6+ Ka7 30. Bc5# 1-0

[Event "*** Titled Tuesday Blitz"]
[Site "Chess.com"]
[Date "2021.04.06"]
[Round "5"]
[White "MasterKroket"]
[Black "paulrusan"]
[Result "1-0"]
[WhiteElo "2518"]
[BlackElo "2288"]
[TimeControl "180+1"]
[EndTime "10:56:40 PDT"]
[Termination "MasterKroket won on time"]

1. d4 Nf6 2. c4 g6 3. Nc3 Bg7 4.
e4 d6 5. h3 O-O 6. Bg5 c5 7.
d5 b5 8. cxb5 a6 9. a4 Qa5 10.
Bd2 Nbd7 11. Nf3 Qb4 12. Qc2 axb5 13. Bxb5 Ba6 14. O-O Bxb5 15. axb5 c4 16. Rfe1 Nc5 17. Rxa8 Rxa8 18. e5 Nfd7 19. exd6 exd6 20. Rb1 Ne5 21. Ne4 Qb3 22. Qxb3 Nxb3 23. Nxe5 Bxe5 24. Bb4 Rb8 25. Bxd6 Bxd6 26. Nxd6 Rb6 27. Nxc4 Rxb5 28. Rd1 Rb4 29. d6 Nc5 30. Ne5 Rb8 31. d7 Rd8 32. b4 Ne6 33.
Nc6 Kf8 34. Nxd8 Nxd8 35. b5 Ke7 36. b6 Nb7 37. Kf1 Kd8 38. Ke2 Nc5 39. Ke3 f5 40. Kf4 1-0

[Event "*** Titled Tuesday Blitz"]
[Site "Chess.com"]
[Date "2021.04.06"]
[Round "5"]
[White "eljanov"]
[Black "ENajer77"]
[Result "0-1"]
[WhiteElo "2867"]
[BlackElo "2669"]
[TimeControl "180+1"]
[EndTime "10:56:41 PDT"]
[Termination "ENajer77 won by resignation"]

1. d4 Nf6 2. Nf3 e6 3. Bf4 b6 4.
e3 Bb7 5. h3 g6 6. c4 Bg7 7. Nc3 O-O 8. Be2 d6 9. O-O Nbd7 10. Qc2 Qe7 11. Rfd1 Nh5 12. Bh2 f5 13. b4 f4 14. e4 c5 15. bxc5 bxc5 16. Rab1 Rab8 17.
d5 Bxc3 18. Qxc3 exd5 19. exd5 Bxd5 20. Rxb8 Rxb8 21. Re1 Bc6 22. Qd2 Qf6 23. Rd1 Rb2 24. Qxd6 Rxe2 0-1

[Event "*** Titled Tuesday Blitz"]
[Site "Chess.com"]
[Date "2021.04.06"]
[Round "5"]
[White "cukin84"]
[Black "dpopadic"]
[Result "1-0"]
[WhiteElo "2092"]
[BlackElo "2310"]
[TimeControl "180+1"]
[EndTime "10:56:42 PDT"]
[Termination "cukin84 won by resignation"]

1. e4 c5 2. Nc3 Nc6 3. Bb5 Nd4 4. Bc4 e6 5. Nf3 Ne7 6. Nxd4 cxd4 7. Nb5 Nc6 8. c3 dxc3 9. bxc3 a6 10. Nd4 Bc5 11.
Nxc6 bxc6 12. d4 Be7 13. e5 d5 14. exd6 Bxd6 15. O-O O-O 16. Qh5 g6 17. Qh6 Bd7 18. Rb1 Qf6 19. Bg5 Qg7 20. Qh4 Rfb8 21. Bf6 Qf8 22.
Rb3 Rxb3 23. axb3 a5 24. f4 a4 25. b4 a3 26. Rf3 h6 27. Rf2 Bc8 28. g4 Ba6 29.
Ba2 Bd3 30. f5 exf5 31. gxf5 Bxf5 32. Rxf5 gxf5 33. Qh5 Be7 34. Qg6+ 1-0

[Event "*** Titled Tuesday Blitz"]
[Site "Chess.com"]
[Date "2021.04.06"]
[Round "5"]
[White "Rytenko_V"]
[Black "iamnotIM"]
[Result "0-1"]
[WhiteElo "2376"]
[BlackElo "2550"]
[TimeControl "180+1"]
[EndTime "10:56:43 PDT"]
[Termination "iamnotIM won by resignation"]

1. d4 Nf6 2. Nf3 g6 3. g3 Bg7 4. Bg2 O-O 5. O-O c5 6. e3 cxd4 7. exd4 d5 8. c3 Nc6 9. Bf4 Bg4 10. Nbd2 Rc8 11. h3 Bxf3 12. Qxf3 e6 13. h4 b5 14. a3 a5 15. g4 b4 16. axb4 axb4 17. h5 bxc3 18.
bxc3 Nd7 19. Bd6 Re8 20. Qf4 Qf6 21. Nf3 Qxf4 22. Bxf4 Nf6 23. hxg6 hxg6 24. Nh2 Ra8 25. f3 Nd7 26. Rfc1 Rxa1 27. Rxa1 Nxd4 28. Ra2 Nb5 29. Bf1 Nxc3 30. Ra7 Bd4+ 0-1

[Event "*** Titled Tuesday Blitz"]
[Site "Chess.com"]
[Date "2021.04.06"]
[Round "5"]
[White "StockholmMissile"]
[Black "tylityli"]
[Result "1-0"]
[WhiteElo "2581"]
[BlackElo "2333"]
[TimeControl "180+1"]
[EndTime "10:56:45 PDT"]
[Termination "StockholmMissile won on time"]

1. d4 Nf6 2. c4 e6 3. Nf3 Bb4+ 4. Bd2 Qe7 5. g3 O-O 6. Bg2 Nc6 7. Nc3 d6 8. O-O Bxc3 9. Bxc3 e5 10. dxe5 dxe5 11.
Qc2 Bg4 12. h3 Bh5 13. Nh4 Bg6 14. Nxg6 hxg6 15. b3 Rfe8 16. Rad1 e4 17. e3 a5 18. Rd2 a4 19. Rfd1 axb3 20. axb3 Ra7 21. Qb1 Nb4 22. c5 Nd3 23. Bxf6 gxf6 24. Bxe4 Nxc5 25.
Bc2 Kg7 26. Rd4 Ne6 27. Rg4 Nf8 28. h4 Qc5 29. b4 Qe5 30. Qb3 1-0

[Event "*** Titled Tuesday Blitz"]
[Site "Chess.com"]
[Date "2021.04.06"]
[Round "5"]
[White "Lion-Al-Messi"]
[Black "WinOrTilt"]
[Result "1-0"]
[WhiteElo "2502"]
[BlackElo "2242"]
[TimeControl "180+1"]
[EndTime "10:56:45 PDT"]
[Termination "Lion-Al-Messi won by resignation"]

1. e4 c6 2. Nf3 d5 3. Nc3 dxe4 4. Nxe4 Bf5 5. Ng3 Bg6 6. h4 h6 7. Ne5 Qd6 8. d4 Nd7 9. Nxg6 Qxg6 10. Bf4 Qe6+ 11.
Be2 Ngf6 12. O-O Nd5 13. Bd2 O-O-O 14. Re1 g6 15. c4 N5b6 16. c5 Nd5 17. Qb3 Bg7 18. Ba6 bxa6 19. Rxe6 fxe6 20. Qc4 Nb8 21. Re1 Kd7 22. Qe2 Nc7 23. Bc3 g5 24. hxg5 hxg5 25. d5 Bxc3 26. dxe6+ Kc8 27. bxc3 Rh6 28. Rb1 Rxe6 29.
Qb2 Kd7 30. Rd1+ Nd5 31. c4 Kc7 32. cxd5 cxd5 33. Qa3 Kc8 34. c6 Rxc6 35. Qxe7 Rc7 36. Qe6+ Rcd7 37. Nf5 Kb7 38. Rb1+ Ka8 39. Nd4 Rd6 40.
Qe5 R6d7 41. Ne6 Rc8 42. Qxg5 d4 43. Qe5 Nc6 44. Qf5 d3 45. Nc5 Rdc7 46. Nxa6 Rd7 47. Qxd7 1-0

[Event "*** Titled Tuesday Blitz"]
[Site "Chess.com"]
[Date "2021.04.06"]
[Round "5"]
[White "BeyondMadness"]
[Black "Eliwood44"]
[Result "0-1"]
[WhiteElo "2279"]
[BlackElo "2516"]
[TimeControl "180+1"]
[EndTime "10:56:46 PDT"]
[Termination "Eliwood44 won by resignation"]

1. d4 Nf6 2. c4 e6 3. Nc3 d5 4.
cxd5 exd5 5. Bg5 c6 6. e3 Nbd7 7. Qc2 h6 8. Bh4 Be7 9. Bd3 Nh5 10. Bxe7 Qxe7 11. Nge2 Nb6 12. O-O O-O 13. Rae1 Bd7 14. Nc1 Nf6 15. f3 c5 16. Qf2 Rfe8 17. Bc2 cxd4 18.
exd4 Qb4 19. Nd3 Qf8 20. Ne5 Qb4 21. Nd3 Qd6 22. Ne5 Rac8 23. Bd3 Nc4 24. Bxc4 dxc4 25. Rd1 b5 26. Ne4 Nxe4 27. fxe4 f6 28. Nxd7 Qxd7 29. e5 fxe5 30. dxe5 Qe7 31. h3 Rf8 32. Qg3 Rxf1+ 33.
Rxf1 Re8 34. Re1 Qe6 35. Qe3 a6 36. Kh2 Rd8 37. Re2 Rd3 38. Qa7 Qg6 39. e6 Qg3+ 0-1

[Event "*** Titled Tuesday Blitz"]
[Site "Chess.com"]
[Date "2021.04.06"]
[Round "5"]
[White "tapu2"]
[Black "Mihnea2017"]
[Result "1-0"]
[WhiteElo "2652"]
[BlackElo "2457"]
[TimeControl "180+1"]
[EndTime "10:56:48 PDT"]
[Termination "tapu2 won by resignation"]

1. e4 c6 2. d4 d5 3. exd5 cxd5 4. Bd3 Nc6 5. c3 Qc7 6. Ne2 Nf6 7. O-O e5 8. dxe5 Nxe5 9. Bb5+ Bd7 10. Bxd7+ Nexd7 11. Re1 Be7 12. Nd4 Nc5 13. Qe2 a6 14. Bf4 Qd7 15.
Nd2 Ne6 16. Nxe6 fxe6 17. Qxe6 Qxe6 18. Rxe6 Kf7 19. Re2 Rhe8 20. Rae1 Bc5 21. Rxe8 Rxe8 22. Rxe8 Kxe8 23. Kf1 Kd7 24. f3 Ke6 25. Nb3 Bb6 26. Ke2 Nd7 27. Kd3 g6 28. Nd4+ Bxd4 29. Kxd4 Nb6 30. b3 Nd7 31. g4 Nf6 32. a4 h5 33.
h3 hxg4 34. hxg4 Nd7 35. Bc7 Nf6 36. Bd8 Nd7 37. a5 Kd6 38. f4 Nb8 39. Bb6 Nc6+ 40.
Kd3 Ne7 41. Bd4 Nc6 42. Bb6 Ne7 43. c4 dxc4+ 44. bxc4 Ke6 45. Ke4 Kf6 46. Bd8 Ke6 47.
Bxe7 Kxe7 1-0

[Event "*** Titled Tuesday Blitz"]
[Site "Chess.com"]
[Date "2021.04.06"]
[Round "5"]
[White "Artyom_ChessMate"]
[Black "chessdiamant"]
[Result "1-0"]
[WhiteElo "2539"]
[BlackElo "2369"]
[TimeControl "180+1"]
[EndTime "10:56:48 PDT"]
[Termination "Artyom_ChessMate won by checkmate"]

1. e4 e6 2. d4 d5 3. Bd3 Nf6 4.
e5 Nfd7 5. c3 c5 6. Ne2 Nc6 7.
a3 cxd4 8. cxd4 f6 9. f4 fxe5 10. fxe5 Nxd4 11. Nxd4 Nxe5 12. Qh5+ Nf7 13. O-O g6 14. Qe2 Bc5 15. Be3 O-O 16. Nf3 Qb6 17.
Bxc5 Qxc5+ 18. Kh1 Bd7 19. Nbd2 Qb6 20. b4 Rac8 21. Ne5 Nxe5 22. Qxe5 Rxf1+ 23. Rxf1 Qd8 24. Nf3 Qe7 25. Nd4 a5 26. bxa5 Rc3 27. Nf5 gxf5 28. Qxc3 e5 29. Bxf5 Qf6 30. Qg3+ Kh8 31. Qh3 Bb5 32.
Qxh7# 1-0

[Event "*** Titled Tuesday Blitz"]
[Site "Chess.com"]
[Date "2021.04.06"]
[Round "5"]
[White "Matols"]
[Black "Lenyas66"]
[Result "1-0"]
[WhiteElo "2317"]
[BlackElo "2504"]
[TimeControl "180+1"]
[EndTime "10:56:48 PDT"]
[Termination "Matols won by resignation"]

1. d4 e6 2. c4 Bb4+ 3. Bd2 a5 4. Nf3 d5 5. g3 c5 6. cxd5 exd5 7. Bg2 Nc6 8. dxc5 Bxc5 9. O-O Nge7 10. Qc2 Bb6 11. Nc3 Bf5 12. Qa4 d4 13. Nb5 O-O 14. Rfd1 Bd7 15. Qc2 Rc8 16. Qe4 Bf5 17. Qf4 Bc2 18.
Rdc1 Nd5 19. Qd6 Ba4 20. Qxd8 Rfxd8 21. Na3 Ncb4 22. Nc4 Nc2 23. Nxb6 Nxa1 24. Nxc8 Nc2 25. b3 Rxc8 26. bxa4 Nc3 27. Bxc3 Rxc3 28. Nxd4 1-0

[Event "*** Titled Tuesday Blitz"]
[Site "Chess.com"]
[Date "2021.04.06"]
[Round "5"]
[White "dmjjmd"]
[Black "Chuchofrio1"]
[Result "1-0"]
[WhiteElo "2249"]
[BlackElo "2362"]
[TimeControl "180+1"]
[EndTime "10:56:49 PDT"]
[Termination "dmjjmd won by checkmate"]

1. e4 e5 2. Nf3 Nc6 3. Bc4 Nf6 4. d3 Be7 5. O-O O-O 6. Re1 d6 7. a4 Bg4 8. h3 Bxf3 9. Qxf3 Nd4 10. Qd1 c6 11. c3 Ne6 12. Ba2 Nc7 13. Nd2 Re8 14.
Nc4 Bf8 15. Bg5 h6 16. Bh4 Be7 17. Kh1 Nxe4 18. Bxe7 Nxf2+ 19. Kg1 Nxh3+ 20. gxh3 Qxe7 21. Qf3 Qg5+ 22. Kh1 Re6 23. Rg1 Qe7 24. Raf1 Nd5 25. Ne3 Nf4 26. Bxe6 Qxe6 27. Qg4 Qf6 28. d4 g6 29. Ng2 Re8 30. Nxf4 exf4 31. Rxf4 Qe7 32. Rgf1 Rf8 33. Re4 Qc7 34. Qf4 Kh7 35. Qf6 Qd7 36.
Kh2 Kg8 37. Re7 Qd8 38. Rxb7 Qe8 39. Re7 Qd8 40. Rfe1 Qb8 41. Qf2 d5+ 42. Kg2 Qd6 43. R1e2 Qb8 44. Qg3 Qd8 45. Qe5 Qc8 46. Re8 Qa6 47.
Rxf8+ Kxf8 48. Qh8# 1-0

[Event "*** Titled Tuesday Blitz"]
[Site "Chess.com"]
[Date "2021.04.06"]
[Round "5"]
[White "pastouche06"]
[Black "Grandmaster1369"]
[Result "1-0"]
[WhiteElo "2601"]
[BlackElo "2437"]
[TimeControl "180+1"]
[EndTime "10:56:51 PDT"]
[Termination "pastouche06 won by resignation"]

1. d4 Nf6 2. c4 e6 3. Nc3 Bb4 4. Qc2 b6 5. e4 c5 6. d5 Qe7 7. Ne2 exd5 8. exd5 d6 9. Bg5 O-O 10. O-O-O Bg4 11. f3 Bh5 12. Ng3 Bg6 13. Bd3 Nbd7 14. Nf5 Bxf5 15. Bxf5 h6 16. Bh4 Qe3+ 17.
Kb1 Bxc3 18. bxc3 Qf4 19. Bg3 Qxc4 20. Bxd6 Rfe8 21. Qb3 Qe2 22. c4 Re3 23. Qc2 Rae8 24. Rd2 Qf1+ 1-0

[Event "*** Titled Tuesday Blitz"]
[Site "Chess.com"]
[Date "2021.04.06"]
[Round "5"]
[White "Kotofeyca"]
[Black "Korchmar_Vasiliy"]
[Result "0-1"]
[WhiteElo "2398"]
[BlackElo "2672"]
[TimeControl "180+1"]
[EndTime "10:56:52 PDT"]
[Termination "Korchmar_Vasiliy won by resignation"]

1. d4 Nf6 2. c4 c6 3. Nc3 d5 4. cxd5 cxd5 5. Bf4 Nc6 6. e3 Bg4 7.
f3 Bd7 8. Bd3 e6 9. h3 Nh5 10.
Bh2 Qh4+ 11. Kf1 Ng3+ 12. Bxg3 Qxg3 13. Qe2 Bd6 14. f4 g5 15. fxg5 Qxg5 16. Nf3 Qg7 17. Nb5 Bb8 18. e4 Nb4 19. exd5 Nxd5 20. Ne5 Nf4 21. Qf3 Bxe5 22. Qxb7 O-O 23. dxe5 Rab8 24. Qxd7 Qxg2+ 25. Ke1 Rfd8 26. Qe7 Nxd3+ 27. Kd1 Nxb2+ 28.
Kc1 Nd3+ 29. Kd1 Qxh1+ 30. Kd2 Nxe5+ 31. Ke2 Qxa1 32. Qg5+ Ng6 0-1

[Event "*** Titled Tuesday Blitz"]
[Site "Chess.com"]
[Date "2021.04.06"]
[Round "5"]
[White "c_r_e_e_p_e_r"]
[Black "ehrenfeld"]
[Result "0-1"]
[WhiteElo "2369"]
[BlackElo "2536"]
[TimeControl "180+1"]
[EndTime "10:56:53 PDT"]
[Termination "ehrenfeld won by checkmate"]

1. e4 e5 2. Nc3 Nf6 3. g3 Bc5 4. Bg2 d6 5. Nge2 Nc6 6. O-O a6 7. h3 Nd4 8. d3 c6 9. Kh2 h5 10. Nxd4 Bxd4 11. Qe2 Be6 12. f4 Ng4+ 13. Kh1 Bd7 14. Nd1 h4 15. Bf3 hxg3 16. Bxg4 Rxh3+ 17. Bxh3 Bxh3 18. Be3 g2+ 19. Qxg2 Bxg2+ 20. Kxg2 Qh4 21.
Rf3 Qg4+ 22. Rg3 Qe2+ 23. Bf2 Qxc2 24. Rxg7 O-O-O 25. f5 Rh8 26. Rxf7 Qxd3 27. Rg7 Qh3+ 28. Kg1 Qh1# 0-1

[Event "*** Titled Tuesday Blitz"]
[Site "Chess.com"]
[Date "2021.04.06"]
[Round "5"]
[White "crazy_but_lazy"]
[Black "elextranjero00"]
[Result "0-1"]
[WhiteElo "2423"]
[BlackElo "2591"]
[TimeControl "180+1"]
[EndTime "10:56:54 PDT"]
[Termination "elextranjero00 won on time"]

1. d4 Nf6 2. c4 c5 3. Nf3 cxd4 4. Nxd4 Nc6 5. g3 e6 6. Bg2 Qb6 7. Nb3 Ne5 8. N1d2 Be7 9. O-O O-O 10. Qc2 d5 11. cxd5 exd5 12. Nf3 Nxf3+ 13. Bxf3 Bh3 14. Be3 Qe6 15. Nd4 Qd7 16. Rfd1 Rac8 17. Qb3 Bc5 18. Qd3 Rfe8 19. Rac1 Bb6 20. Rxc8 Rxc8 21. Nc2 Bf5 22. Qa3 Bxc2 23. Rd2 Bf5 24. Bxb6 axb6 0-1

[Event "*** Titled Tuesday Blitz"]
[Site "Chess.com"]
[Date "2021.04.06"]
[Round "5"]
[White "Two_Towers_Krakow"]
[Black "viktorgen2021"]
[Result "1-0"]
[WhiteElo "2514"]
[BlackElo "2268"]
[TimeControl "180+1"]
[EndTime "10:56:56 PDT"]
[Termination "Two_Towers_Krakow won by checkmate"]

1. e4 c6 2. d4 d5 3. e5 c5 4.
dxc5 Nc6 5. Nf3 Bg4 6. Bb5 e6 7.
Be3 Ne7 8. b4 Nf5 9. h3 Nxe3 10.
fxe3 Bh5 11. Bxc6+ bxc6 12. O-O Be7 13. Nbd2 O-O 14.
Nb3 f6 15. Nbd4 Qd7 16. exf6 gxf6 17. Qe1 Kh8 18. Qh4 Bg6 19. Qg4 f5 20. Qg3 Bf6 21. Ne5 Qe8 22. Ndxc6 Rg8 23. Rae1 Bh5 24. Qf2 Bg5 25. Kh1 Rc8 26. b5 Qf8 27. e4 dxe4 28.
Nxa7 Qxc5 29. Nxc8 Qxe5 30. Nb6 e3 31. Nc4 Qxb5 32.
Nxe3 Bf6 33. c4 Qa4 34. Nxf5 exf5 35. Qxf5 Bc3 36. Qxh5 Bxe1 37. Qe5+ Rg7 38. Rf8# 1-0

[Event "*** Titled Tuesday Blitz"]
[Site "Chess.com"]
[Date "2021.04.06"]
[Round "5"]
[White "Doudou2015"]
[Black "chess4life23"]
[Result "0-1"]
[WhiteElo "2076"]
[BlackElo "2346"]
[TimeControl "180+1"]
[EndTime "10:56:56 PDT"]
[Termination "chess4life23 won by resignation"]

1. d4 Nf6 2. c4 g6 3. Nf3 Bg7 4. g3 O-O 5. Bg2 d5 6. O-O Nc6 7. Nc3 dxc4 8. e4 Bg4 9. Be3 Nd7 10. h3 Bxf3 11. Bxf3 e5 12. d5 Nd4 13. Bg2 a6 14. a4 Rb8 15. a5 c6 16. Qa4 cxd5 17. Nxd5 Rc8 18. Rfd1 Re8 19. Kh2 Nc5 20. Qb4 Ncb3 21.
Ra4 Bf8 22. Qxb7 Nc5 23. Qb4 Nxa4 24. Qxa4 Bg7 25. Nb6 Rc5 26. Nxc4 Qc7 27. Nb6 Rd8 28.
Nd5 Qd7 29. Qb4 Rb5 30. Qc3 h6 31. h4 Kh7 32. Bh3 f5 33. Nb6 Qf7 34. exf5 gxf5 35. Qc7 Qxc7 0-1

[Event "*** Titled Tuesday Blitz"]
[Site "Chess.com"]
[Date "2021.04.06"]
[Round "5"]
[White "googlegoom"]
[Black "Aradhya2000"]
[Result "0-1"]
[WhiteElo "2433"]
[BlackElo "2596"]
[TimeControl "180+1"]
[EndTime "10:56:57 PDT"]
[Termination "Aradhya2000 won by resignation"]

1. Nf3 d5 2. b3 Nf6 3. Bb2 Bf5 4. e3 e6 5. Be2 Nbd7 6. O-O h6 7. d4 Bd6 8. Nbd2 O-O 9. c4 c6 10. a3 Qb8 11. b4 b5 12. cxb5 cxb5 13. Nb3 a6 14. Nc5 Nb6 15. Ne5 Rc8 16. Rc1 Nc4 17. Nxc4 bxc4 18.
h3 a5 19. Bc3 axb4 20. axb4 Ra2 21. Ra1 Qa7 22. Rxa2 Qxa2 23. Bf3 Bd3 24. Qa1 Ra8 25.
Qxa2 Rxa2 26. Rc1 Ne4 27. Bxe4 dxe4 28. b5 Kf8 29. b6 Ke7 30. b7 Kd8 31. f3 exf3 32.
gxf3 Kc7 33. Nxd3 cxd3 34. Rd1 Kxb7 35. Rxd3 Ra3 0-1

[Event "*** Titled Tuesday Blitz"]
[Site "Chess.com"]
[Date "2021.04.06"]
[Round "5"]
[White "JiiHart"]
[Black "Kostukov_Alex"]
[Result "0-1"]
[WhiteElo "2044"]
[BlackElo "2284"]
[TimeControl "180+1"]
[EndTime "10:56:57 PDT"]
[Termination "Kostukov_Alex won by checkmate"]

1. e4 c5 2. Nf3 Nc6 3. d4 cxd4 4.
Nxd4 e5 5. Nb5 a6 6. Nd6+ Bxd6 7. Qxd6 Qf6 8. Qxf6 Nxf6 9. Nc3 Nb4 10. Bd3 d5 11.
exd5 Nfxd5 12. Nxd5 Nxd5 13. O-O O-O 14. Re1 Re8 15.
Bc4 Nb4 16. Bb3 Bf5 17. c3 Nd3 18. Re3 Rad8 19. h3 Nc5 20. Bc4 Rd1+ 21. Kh2 b5 22.
Be2 Re1 23. b4 Ne4 24. Bd3 Rxe3 25. Bxe3 Nd6 26. Bxf5 Nxf5 27. a4 Nxe3 28. fxe3 f6 29. axb5 axb5 30. Ra5 Rc8 31. Rxb5 Rxc3 32. e4 Rc4 33.
Rb8+ Kf7 34. b5 Rxe4 35. b6 Rb4 36. b7 Kg6 37. Kg3 Rb3+ 38. Kf2 Kf5 39. g3 h5 40. Rh8 Rxb7 41. Rxh5+ Ke4 42. Rh8 Rb2+ 43. Kg1 Kf3 44. g4 Kg3 45. Kf1 Rh2 46. Rh7 g5 47. Rh6 Rf2+ 48. Kg1 Rf4 49. Rh5 e4 50. Rh6 e3 51. Rh8 e2 52. Re8 Rf1# 0-1